[Event "Titled Tuesday Blitz July 11 Early 2023"]
[White "Todorovic, Bojan"]
[Black "Prestia, Paris"]
[WhiteFideId "917087"]
[BlackFideId "30925959"]
[WhiteElo "2361"]
[BlackElo "2592"]
[Result "1-0"]
[Round "10"]
[TimeControl "180+2"]
[Date "2023.07.11"]
[WhiteClock "0:00:31"]
[BlackClock "0:00:35"]
[Board "52"]

1. d4 Nf6 2. c4 e6 3. Nf3 c5 4. d5 exd5 5. cxd5 d6 6. Nc3 g6 7. Nd2 Bg7 8. Nc4 O-O 9. Bf4 Ne8 10. Qd2 b6 11. a4 Ba6 12. e4 Bxc4 13. Bxc4 Nd7 14. O-O Ne5 15. Bb5 Nc7 16. Bc6 Rb8 17. h3 a6 18. Bh2 b5 19. axb5 Nxb5 20. Nxb5 axb5 21. b3 c4 22. Rab1 Qc7 23. bxc4 bxc4 24. Rxb8 Rxb8 25. Bxe5 Bxe5 26. f4 Qa7+ 27. Kh2 Rb2 28. Qe1 Qa2 29. Qg3 Bf6 30. e5 dxe5 31. fxe5 Bxe5 32. Qxe5 Rxg2+ 33. Kh1 Qe2 34. Qxe2 Rxe2 35. d6 Rd2 36. d7 c3 37. Ba4 Kf8 38. Rc1 Ke7 39. Re1+ Kd8 40. Re8+ Kc7 41. Rc8+ Kb7 42. d8=Q Rxd8 43. Rxd8 c2 44. Bxc2 1-0


[Site "https://www.chess.com"]

[Event "Titled Tuesday Blitz July 11 Early 2023"]
[White "Vakhlamov, Igor L."]
[Black "Orlov, Georgi"]
[WhiteFideId "24126748"]
[BlackFideId "2011271"]
[WhiteElo "2787"]
[BlackElo "2552"]
[Result "0-1"]
[Round "10"]
[TimeControl "180+2"]
[Date "2023.07.11"]
[WhiteClock "0:00:15"]
[BlackClock "0:00:45"]
[Board "53"]

1. e4 c5 2. Nf3 e6 3. Nc3 a6 4. d4 cxd4 5. Nxd4 b5 6. Bd3 b4 7. Nce2 Bb7 8. O-O Nf6 9. e5 Nd5 10. Nf4 Qb6 11. Nxd5 Bxd5 12. Be3 Bc5 13. c3 Nc6 14. Nxc6 Bxc6 15. Re1 bxc3 16. bxc3 O-O 17. Rb1 Qa7 18. Rb4 g6 19. Rh4 Rab8 20. Qg4 f5 21. exf6 Rxf6 22. Qh3 h5 23. Bxg6 Bxe3 24. fxe3 Rxg6 25. Rxh5 Rxg2+ 26. Kf1 Rf8+ 0-1


[Site "https://www.chess.com"]

[Event "Titled Tuesday Blitz July 11 Early 2023"]
[White "Preotu, Razvan"]
[Black "Pham, Le Thao Nguyen"]
[WhiteFideId "2613280"]
[BlackFideId "12401226"]
[WhiteElo "2738"]
[BlackElo "2539"]
[Result "1/2-1/2"]
[Round "10"]
[TimeControl "180+2"]
[Date "2023.07.11"]
[WhiteClock "0:00:06"]
[BlackClock "0:00:14"]
[Board "54"]

1. e4 c6 2. Nc3 d5 3. Nf3 dxe4 4. Nxe4 Nf6 5. Qe2 Nxe4 6. Qxe4 Qa5 7. b4 Qf5 8. Qe3 Qe6 9. Be2 Qxe3 10. fxe3 Nd7 11. d4 e5 12. a3 Bd6 13. c4 O-O 14. Bb2 Re8 15. Kf2 a5 16. c5 Bc7 17. Bc4 exd4 18. exd4 Nf6 19. Rhe1 Bf5 20. Ne5 Be6 21. Bxe6 Rxe6 22. Nc4 axb4 23. Rxe6 fxe6 24. axb4 Rxa1 25. Bxa1 Nd5 26. Kf3 Nxb4 27. Ke4 Nd5 28. h3 Kf7 29. Bb2 Kf6 30. Bc1 h5 31. Bd2 g5 32. Ba5 Bb8 33. Bd8+ Kg6 34. Na5 Nf4 35. Kf3 Kf5 36. Nxb7 g4+ 37. hxg4+ hxg4+ 38. Kf2 Nd3+ 39. Kf1 Ke4 40. Na5 Kd5 41. Bf6 Nb4 42. Ke2 Bf4 43. Nb3 Kc4 44. Nd2+ Bxd2 45. Kxd2 Nd5 46. Be5 Nb4 47. Ke3 Nc2+ 48. Ke4 Ne1 49. g3 Nf3 50. Kf4 Nxd4 51. Kxg4 Kxc5 52. Kf4 Kd5 53. g4 c5 54. g5 Nf5 55. g6 c4 56. g7 Nxg7 57. Bxg7 Kc5 58. Bc3 Kd5 59. Bb2 e5+ 60. Bxe5 Kc5 61. Bc3 Kb5 62. Ke4 Ka4 63. Kd4 Kb3 64. Ba5 c3 65. Bxc3 1/2-1/2


[Site "https://www.chess.com"]

[Event "Titled Tuesday Blitz July 11 Early 2023"]
[White "Xu, Yi"]
[Black "Korelskiy, Egor"]
[WhiteFideId "8605564"]
[BlackFideId "34329064"]
[WhiteElo "2716"]
[BlackElo "2535"]
[Result "1-0"]
[Round "10"]
[TimeControl "180+2"]
[Date "2023.07.11"]
[WhiteClock "0:01:25"]
[BlackClock "0:01:59"]
[Board "55"]

1. b3 e5 2. Bb2 Nc6 3. e3 Nf6 4. Ne2 d5 5. a3 a5 6. g3 h5 7. d4 exd4 8. Nxd4 Nxd4 9. Qxd4 Bd6 10. Bg2 c6 11. Nd2 Qe7 12. c4 Ng4 13. Qxg7 Be5 14. Bxe5 Qxe5 15. Qxe5+ Nxe5 16. cxd5 cxd5 17. Bxd5 Bg4 18. f3 O-O-O 19. fxg4 Rxd5 20. gxh5 Rhd8 21. Nc4 Nd3+ 22. Ke2 Nc5 23. Nb6+ 1-0


[Site "https://www.chess.com"]

[Event "Titled Tuesday Blitz July 11 Early 2023"]
[White "Wagner, Dennis"]
[Black "Chen, Max"]
[WhiteFideId "24650684"]
[BlackFideId "2622440"]
[WhiteElo "2711"]
[BlackElo "2531"]
[Result "1-0"]
[Round "10"]
[TimeControl "180+2"]
[Date "2023.07.11"]
[WhiteClock "0:00:23"]
[BlackClock "0:00:02"]
[Board "56"]

1. d4 Nf6 2. Nf3 b6 3. c4 Bb7 4. Nc3 g6 5. d5 Bg7 6. e4 d6 7. Bd3 O-O 8. O-O Nbd7 9. h3 e5 10. Be3 Nh5 11. Re1 Nf4 12. Bc2 a5 13. Kh2 Qe8 14. g3 Nh5 15. Nh4 Nhf6 16. a3 Bc8 17. Qf3 h5 18. b4 Nb8 19. Nb5 Qd7 20. Rab1 Qxh3+ 21. Kg1 Qd7 22. Bd3 axb4 23. axb4 Ra2 24. Re2 Rxe2 25. Qxe2 Na6 26. Na7 Qh3 27. c5 Ng4 28. Nf3 Nxe3 29. Qxe3 bxc5 30. Ng5 Qd7 31. Bb5 Qd8 32. Nc6 Qf6 33. Bxa6 Bxa6 34. bxc5 Bh6 35. Qa3 Qxg5 36. Qxa6 dxc5 37. Qc4 h4 38. Rb3 Ra8 39. Kg2 Qc1 40. Qxc1 Bxc1 41. gxh4 Bf4 42. Rc3 Ra4 43. Kf3 c4 44. Kg4 Kg7 45. h5 gxh5+ 46. Kxh5 Kf6 47. Kg4 Kg7 48. Kf5 f6 49. Ke6 Kg6 50. Kd7 f5 51. f3 Bd2 52. Rc2 c3 53. Kxc7 fxe4 54. fxe4 Rxe4 55. d6 Rf4 56. d7 Rf8 57. d8=Q Rxd8 58. Kxd8 Kf5 59. Kd7 e4 60. Kd6 e3 61. Kd5 Kf4 62. Nd4 Kg3 63. Kc4 Kf2 64. Kd3 Ke1 65. Ra2 Kf2 66. Ra1 Kg3 67. Rf1 Kg2 68. Rf7 Kg3 69. Ne2+ Kg4 70. Nxc3 e2 71. Nxe2 Bg5 72. Ke4 Bh4 73. Rf4+ Kh5 74. Kf5 Bg5 75. Rg4 Be3 76. Nf4+ Kh6 77. Rg6+ Kh7 78. Ne6 Kh8 79. Kf6 Kh7 80. Kf7 Bh6 81. Rg8 Be3 82. Rg6 Kh8 83. Rg3 Kh7 84. Rh3+ Bh6 85. Ng5+ Kh8 86. Rxh6# 1-0


[Site "https://www.chess.com"]

[Event "Titled Tuesday Blitz July 11 Early 2023"]
[White "Goryachkina, Aleksandra"]
[Black "Sidletskyi, Ivan"]
[WhiteFideId "4147103"]
[BlackFideId "14156024"]
[WhiteElo "2704"]
[BlackElo "2534"]
[Result "1/2-1/2"]
[Round "10"]
[TimeControl "180+2"]
[Date "2023.07.11"]
[WhiteClock "0:00:18"]
[BlackClock "0:00:53"]
[Board "57"]

1. e4 e6 2. d4 d5 3. e5 c5 4. c3 Nc6 5. Nf3 Bd7 6. Be2 Nge7 7. O-O cxd4 8. cxd4 Nf5 9. Nc3 Rc8 10. a3 a6 11. Kh1 Qb6 12. Na4 Qa7 13. Be3 Na5 14. Bd3 Nxe3 15. fxe3 Nc4 16. Bxc4 Rxc4 17. Nc3 Be7 18. Nd2 Rc7 19. Qh5 g6 20. Qh6 Bf8 21. Qf4 Bc6 22. Rac1 Bg7 23. Nxd5 exd5 24. e6 Re7 25. exf7+ Kd7 26. Nb3 b6 27. Qg4+ Kd6 28. Qg3+ Kd7 29. Qg4+ Kd6 30. Qg3+ Kd7 31. Qg4+ 1/2-1/2


[Site "https://www.chess.com"]

[Event "Titled Tuesday Blitz July 11 Early 2023"]
[White "Bilan, Danila"]
[Black "De La Villa Garcia, Jesus Maria"]
[WhiteFideId "24161918"]
[BlackFideId "2200040"]
[WhiteElo "2529"]
[BlackElo "2702"]
[Result "1-0"]
[Round "10"]
[TimeControl "180+2"]
[Date "2023.07.11"]
[WhiteClock "0:00:53"]
[BlackClock "0:02:03"]
[Board "58"]

1. d4 d5 2. Nf3 Nf6 3. c4 dxc4 4. e3 Bg4 5. Bxc4 e6 6. Qb3 Nbd7 7. Nc3 Be7 8. Qxb7 Rb8 9. Qa6 O-O 10. Be2 c5 11. O-O Qc7 12. h3 Bh5 13. Nb5 Qd8 14. Nxa7 Rb6 15. Qa4 Qa8 16. b3 cxd4 17. Nxd4 Bxe2 18. Nxe2 Rc6 19. Nxc6 1-0


[Site "https://www.chess.com"]

[Event "Titled Tuesday Blitz July 11 Early 2023"]
[White "Timerkhanov, Alexander"]
[Black "Moskvin, Anatoly"]
[WhiteFideId "24177938"]
[BlackFideId "24199990"]
[WhiteElo "2691"]
[BlackElo "2528"]
[Result "1-0"]
[Round "10"]
[TimeControl "180+2"]
[Date "2023.07.11"]
[WhiteClock "0:01:31"]
[BlackClock "0:00:08"]
[Board "59"]

1. d4 Nf6 2. Bg5 c5 3. d5 Qb6 4. Nc3 Qxb2 5. Bd2 Qb6 6. e4 d6 7. f4 Bg4 8. Be2 Bxe2 9. Qxe2 e5 10. fxe5 dxe5 11. Rb1 Qc7 12. Qb5+ Nbd7 13. Qxb7 Qxb7 14. Rxb7 Bd6 15. Nf3 O-O 16. Ke2 Rfb8 17. Rhb1 Nb6 18. Rxb8+ Rxb8 19. Be3 Nfd7 20. Nd2 g6 21. a4 a5 22. Rb5 Ra8 23. Kd3 f5 24. Nc4 Nxc4 25. Kxc4 f4 26. Bf2 Kf7 27. Rb7 Ke7 28. Nb5 g5 29. h3 h5 30. Be1 g4 31. Bh4+ Kf8 32. Nxd6 gxh3 33. gxh3 Nb8 34. Bf6 Kg8 35. Rg7+ Kf8 36. Rh7 1-0


[Site "https://www.chess.com"]

[Event "Titled Tuesday Blitz July 11 Early 2023"]
[White "Fantinel, Thibault"]
[Black "only_strong_moves"]
[WhiteFideId "663395"]
[WhiteElo "2650"]
[BlackElo "2528"]
[Result "0-1"]
[Round "10"]
[TimeControl "180+2"]
[Date "2023.07.11"]
[WhiteClock "0:00:00"]
[BlackClock "0:00:02"]
[Board "60"]

1. d4 d5 2. Nf3 Nf6 3. Bf4 e6 4. e3 c5 5. Nbd2 Nc6 6. c3 Nh5 7. Bg5 f6 8. Bh4 g6 9. Bd3 cxd4 10. cxd4 Bd6 11. O-O O-O 12. a3 Bd7 13. Rc1 Ne7 14. b4 a5 15. Qb3 a4 16. Qb1 Qb6 17. Rfe1 Nf5 18. Bg3 Nhxg3 19. hxg3 Rac8 20. Rxc8 Rxc8 21. Rc1 Kg7 22. Rxc8 Bxc8 23. Qc2 Bd7 24. Nb1 e5 25. Qc3 e4 26. Be2 exf3 27. gxf3 Ne7 28. Qd2 Bb5 29. Bd1 Qc6 30. Nc3 Nc8 31. e4 Nb6 32. Nxb5 Qxb5 33. Be2 Qc6 34. Qe3 Nc4 35. Qc3 b5 36. Bd3 Qc7 37. exd5 f5 38. Kg2 Be7 39. Qc1 Bd8 40. Qe1 Qd7 41. Bxc4 bxc4 42. Qe5+ Bf6 43. Qb8 Qxd5 44. Qc7+ Qf7 45. Qc6 Bxd4 46. b5 c3 47. b6 Bxb6 48. Qxb6 Qc4 49. Qb7+ Kh6 50. Qb8 Qc5 51. Qf4+ Kg7 52. Qc1 c2 53. Qb2+ Kg8 54. Qc1 Qc3 55. Kh2 Qd3 0-1


[Site "https://www.chess.com"]

[Event "Titled Tuesday Blitz July 11 Early 2023"]
[White "Liyanage, Ranindu Dilshan"]
[Black "Akylbek2021"]
[WhiteFideId "9915834"]
[WhiteElo "2643"]
[BlackElo "2521"]
[Result "0-1"]
[Round "10"]
[TimeControl "180+2"]
[Date "2023.07.11"]
[WhiteClock "0:00:18"]
[BlackClock "0:00:14"]
[Board "61"]

1. d4 Nf6 2. Bf4 d5 3. e3 g6 4. Nc3 Bg7 5. Nb5 Na6 6. h3 c6 7. Nc3 Nc7 8. Nf3 O-O 9. Be2 b5 10. a4 b4 11. Na2 a5 12. c3 bxc3 13. bxc3 Ne4 14. O-O Ne6 15. Bh2 Ba6 16. Bxa6 Rxa6 17. Rb1 Rb6 18. Qc2 Nd6 19. Rxb6 Qxb6 20. Rb1 Qa6 21. Nd2 f5 22. Nc1 f4 23. e4 g5 24. Ncb3 Qe2 25. exd5 cxd5 26. Qd1 Qxd1+ 27. Rxd1 Rc8 28. Rc1 Nc4 29. Nf3 h6 30. g3 Rb8 31. Nbd2 fxg3 32. Bxg3 Nxd2 33. Nxd2 Rb2 34. Nf3 Ra2 35. c4 Rxa4 36. cxd5 Nxd4 37. Rc8+ Kf7 38. Ne5+ Bxe5 39. Bxe5 Nf3+ 0-1


[Site "https://www.chess.com"]

[Event "Titled Tuesday Blitz July 11 Early 2023"]
[White "Koshulyan, Egor A."]
[Black "Yeritsyan, Hayk"]
[WhiteFideId "24237000"]
[BlackFideId "13307320"]
[WhiteElo "2636"]
[BlackElo "2520"]
[Result "1-0"]
[Round "10"]
[TimeControl "180+2"]
[Date "2023.07.11"]
[WhiteClock "0:01:06"]
[BlackClock "0:00:06"]
[Board "62"]

1. e4 c6 2. d4 d5 3. e5 c5 4. dxc5 e6 5. Qg4 Nd7 6. Nf3 Nxc5 7. Nc3 Ne7 8. Bg5 a6 9. Bd3 Nxd3+ 10. cxd3 Qb6 11. O-O Nf5 12. Rfc1 Bd7 13. h4 Bc5 14. Rc2 O-O 15. h5 h6 16. Bf4 Kh8 17. d4 Nxd4 18. Nxd4 Bxd4 19. Nxd5 exd5 20. Qxd7 Qe6 21. Qa4 Bxe5 22. Re2 f6 23. Rae1 Qf5 24. Bxe5 fxe5 25. Qb3 e4 26. Qxb7 Qxh5 27. Rd2 Rfd8 28. Red1 Rab8 29. Qxa6 Qe5 30. Qa5 d4 31. Qxe5 1-0


[Site "https://www.chess.com"]

[Event "Titled Tuesday Blitz July 11 Early 2023"]
[White "Chor, Kevin"]
[Black "Dronavalli, Harika"]
[WhiteFideId "2090740"]
[BlackFideId "5015197"]
[WhiteElo "2515"]
[BlackElo "2633"]
[Result "1/2-1/2"]
[Round "10"]
[TimeControl "180+2"]
[Date "2023.07.11"]
[WhiteClock "0:00:14"]
[BlackClock "0:00:20"]
[Board "63"]

1. e4 g6 2. d4 Bg7 3. Nc3 d6 4. f4 a6 5. Nf3 b5 6. Bd3 Nd7 7. a4 b4 8. Ne2 c5 9. c3 Rb8 10. O-O Ngf6 11. Ng3 O-O 12. e5 Nd5 13. Ne4 bxc3 14. bxc3 cxd4 15. cxd4 dxe5 16. fxe5 N7b6 17. a5 Na8 18. Kh1 Nac7 19. Qe2 Nb5 20. Bd2 Bg4 21. Qf2 Bxf3 22. gxf3 Ndc7 23. Be3 Ne6 24. Bxb5 Rxb5 25. Rfd1 Qa8 26. Nc3 Rb3 27. Ne4 Nc7 28. Nc5 Rb5 29. Nd7 Rd8 30. Nb6 Qb7 31. Kg2 Nd5 32. Nxd5 Rbxd5 33. Rdb1 Rb5 34. Qc2 Rc8 35. Qe4 Qxe4 36. fxe4 Rcb8 37. Rc1 Rb2+ 38. Kf3 R2b3 39. Ke2 f6 40. e6 f5 41. e5 h6 42. Rc7 Bf8 43. Rac1 g5 44. d5 f4 45. Bd4 g4 46. d6 f3+ 47. Kf2 Rd3 48. dxe7 Rxd4 49. exf8=R+ Rxf8 50. e7 Rd2+ 51. Kg3 Rg2+ 52. Kh4 Re8 53. R1c6 Re2 54. Rxh6 Rxe5 55. Kxg4 f2 56. Rf6 R5xe7 57. Rxe7 Rxe7 58. Rxf2 Re5 59. Rf5 Re2 60. h4 Ra2 61. Kg5 Kg7 62. h5 Rg2+ 63. Kf4 Ra2 64. Rg5+ Kh6 65. Rg6+ Kxh5 66. Rxa6 Ra1 67. Ke4 Kg5 68. Kd5 Kf5 69. Kc5 Rc1+ 70. Kb6 Rb1+ 71. Ka7 Ra1 72. Kb6 Rb1+ 73. Kc6 Ra1 74. Kc5 Ke5 75. Kb4 Rb1+ 76. Ka3 Ra1+ 77. Kb2 Ra4 78. Kb3 Ra1 79. Rh6 Kd5 80. Kb4 Rb1+ 81. Kc3 Ra1 82. a6 Kc5 83. Kb2 Ra4 84. Kb3 Ra1 85. Rh5+ Kb6 86. Rh6+ Ka7 87. Kc4 Rxa6 88. Rxa6+ Kxa6 1/2-1/2


[Site "https://www.chess.com"]

[Event "Titled Tuesday Blitz July 11 Early 2023"]
[White "Arabidze, Meri"]
[Black "Lehtosaari, Mauri"]
[WhiteFideId "13604040"]
[BlackFideId "501999"]
[WhiteElo "2629"]
[BlackElo "2510"]
[Result "1/2-1/2"]
[Round "10"]
[TimeControl "180+2"]
[Date "2023.07.11"]
[WhiteClock "0:00:15"]
[BlackClock "0:00:35"]
[Board "64"]

1. b3 d5 2. Bb2 Nf6 3. Nf3 Bg4 4. g3 Bxf3 5. exf3 g6 6. Bg2 Bg7 7. O-O O-O 8. f4 c6 9. Re1 Nbd7 10. d3 a5 11. a4 Re8 12. Nd2 Qb6 13. Qe2 h5 14. Nf3 Ng4 15. Bxg7 Kxg7 16. h3 Ngf6 17. Ne5 Qd4 18. Rac1 Qc3 19. Qe3 e6 20. Re2 Nxe5 21. fxe5 Nd7 22. Rce1 Rac8 23. Qg5 b5 24. f4 Qc5+ 25. Kh2 Qe7 26. Qxe7 Rxe7 27. axb5 cxb5 28. Ra1 Ra8 29. c4 bxc4 30. dxc4 Nb6 31. Rea2 Rea7 32. c5 Nc8 33. Bf1 Rb8 34. Rxa5 Rxa5 35. Rxa5 Rxb3 36. c6 Rc3 37. Bb5 Rc5 38. Ra8 Ne7 39. Ba4 Rc4 40. Bb5 Rc5 41. Ba4 Rc4 42. Bb5 Rc5 1/2-1/2


[Site "https://www.chess.com"]

[Event "Titled Tuesday Blitz July 11 Early 2023"]
[White "Ahmad, Khagan"]
[Black "Osmak, Yuliia"]
[WhiteFideId "13431552"]
[BlackFideId "14101602"]
[WhiteElo "2628"]
[BlackElo "2507"]
[Result "0-1"]
[Round "10"]
[TimeControl "180+2"]
[Date "2023.07.11"]
[WhiteClock "0:00:00"]
[BlackClock "0:01:34"]
[Board "65"]

1. Nf3 c5 2. c4 Nc6 3. Nc3 g6 4. g3 Bg7 5. Bg2 e6 6. O-O Nge7 7. d3 O-O 8. Rb1 d5 9. cxd5 exd5 10. Bf4 d4 11. Ne4 b6 12. Qc1 Be6 13. a3 Nd5 14. Bh6 f5 15. Bxg7 Kxg7 16. Neg5 Bg8 17. b4 Nc3 18. Rb2 Qf6 19. h4 Rae8 20. Re1 Re7 21. bxc5 bxc5 22. h5 Rfe8 23. Bf1 h6 24. Nh3 g5 25. Nhxg5 hxg5 26. Nxg5 Qh6 27. Qf4 Qxh5 28. Qxf5 Qg6 29. Qf4 Rf8 30. Qh4 Ne5 31. Rc1 Bd5 32. f4 Rh8 0-1


[Site "https://www.chess.com"]

[Event "Titled Tuesday Blitz July 11 Early 2023"]
[White "Souleidis, Georgios"]
[Black "Kleiman, Jake"]
[WhiteFideId "4206827"]
[BlackFideId "2020041"]
[WhiteElo "2605"]
[BlackElo "2504"]
[Result "1-0"]
[Round "10"]
[TimeControl "180+2"]
[Date "2023.07.11"]
[WhiteClock "0:00:05"]
[BlackClock "0:00:06"]
[Board "66"]

1. e4 d6 2. d4 Nf6 3. Nc3 e5 4. Nf3 Nbd7 5. g4 Nxg4 6. Rg1 Ngf6 7. Be3 c6 8. Qd2 b5 9. O-O-O b4 10. dxe5 dxe5 11. Bc4 bxc3 12. Qxc3 Nxe4 13. Bxf7+ Kxf7 14. Qc4+ Ke8 15. Qxe4 Qf6 16. Bg5 Qg6 17. Qe2 Bd6 18. Qc4 Bb7 19. Kb1 Nb6 20. Qe2 Qe6 21. Nd4 Qd7 22. f4 Nd5 23. fxe5 Be7 24. Bxe7 Qxe7 25. Nf5 Qf7 26. Nxg7+ Kd8 27. e6 Qe7 28. c4 Kc7 29. cxd5 cxd5 30. Nf5 Qf6 31. Rg7+ Kb6 32. Qf2+ Ka6 33. Rf7 Qe5 34. Re1 Qb8 35. Nd4 Bc6 36. Qe2+ Qb5 37. Nxb5 Bxb5 38. Qe5 Bc4 39. e7 Rab8 40. e8=Q Rhxe8 41. Qxe8 Bd3+ 42. Ka1 Rxe8 43. Rxe8 Be4 44. Rxe4 Kb6 45. Rxh7 1-0


[Site "https://www.chess.com"]

[Event "Titled Tuesday Blitz July 11 Early 2023"]
[White "Reprintsev, Alexander"]
[Black "Sadykov, Ramil"]
[WhiteFideId "14100541"]
[BlackFideId "24113590"]
[WhiteElo "2503"]
[BlackElo "2604"]
[Result "0-1"]
[Round "10"]
[TimeControl "180+2"]
[Date "2023.07.11"]
[WhiteClock "0:00:56"]
[BlackClock "0:00:09"]
[Board "67"]

1. e4 c5 2. b3 Nc6 3. Bb2 d6 4. f4 Nf6 5. Qf3 Bg4 6. Qe3 g6 7. f5 gxf5 8. h3 f4 9. Qxf4 Bd7 10. Bxf6 exf6 11. Nc3 Nd4 12. O-O-O Be7 13. Nf3 Qa5 14. Kb1 Ne6 15. Qh6 Nd4 16. Bd3 Rg8 17. g4 Nxf3 18. Nd5 Rg6 19. Qxh7 Bf8 20. Bc4 Ng5 21. Qh8 O-O-O 22. h4 Nxe4 23. Bd3 Bg7 24. Ne7+ Kc7 25. Qxd8+ Kxd8 26. Nxg6 fxg6 27. Bxe4 Bxg4 28. Rdg1 f5 29. c3 b5 30. h5 gxh5 31. Bxf5 Bxf5+ 32. Kb2 Bg4 33. Re1 b4 34. Re3 bxc3+ 35. dxc3 Bd4 36. Rd3 Be2 37. Rg3 Bg4 38. cxd4 Qd2+ 39. Ka3 Qb4+ 40. Kb2 Qxd4+ 41. Rc3 Kd7 42. Rc1 Bf5 43. a4 Qd2+ 44. Ka3 h4 45. Rc4 h3 46. Rg1 h2 47. Rg7+ Kc6 48. Rh4 Qc1+ 49. Ka2 Qb1+ 50. Ka3 Qa1# 0-1


[Site "https://www.chess.com"]

[Event "Titled Tuesday Blitz July 11 Early 2023"]
[White "Jovic, Stanoje"]
[Black "Niekras, Dawid"]
[WhiteFideId "905020"]
[BlackFideId "1160451"]
[WhiteElo "2494"]
[BlackElo "2604"]
[Result "1-0"]
[Round "10"]
[TimeControl "180+2"]
[Date "2023.07.11"]
[WhiteClock "0:02:11"]
[BlackClock "0:00:54"]
[Board "68"]

1. c4 e5 2. g3 Nf6 3. Bg2 d5 4. cxd5 Nxd5 5. Nf3 Nc6 6. O-O Be7 7. d4 exd4 8. Nxd4 Nxd4 9. Qxd4 Nf6 10. Qa4+ Qd7 11. Qb3 c6 12. Rd1 Qe6 13. Qc2 O-O 14. e4 Qg4 15. h3 Qh5 16. g4 Bxg4 17. hxg4 Nxg4 18. Bf4 Bc5 19. Rf1 Qh4 20. Qxc5 1-0


[Site "https://www.chess.com"]

[Event "Titled Tuesday Blitz July 11 Early 2023"]
[White "Borgaonkar Akshay"]
[Black "Brunner, Nicolas"]
[WhiteFideId "25639110"]
[BlackFideId "620246"]
[WhiteElo "2601"]
[BlackElo "2499"]
[Result "1-0"]
[Round "10"]
[TimeControl "180+2"]
[Date "2023.07.11"]
[WhiteClock "0:01:28"]
[BlackClock "0:01:03"]
[Board "69"]

1. d4 Nf6 2. Bf4 e6 3. Nf3 b6 4. e3 Bb7 5. Bd3 c5 6. Nc3 Be7 7. Qe2 d6 8. O-O-O O-O 9. h4 Nc6 10. Ne4 Nb4 11. Nxf6+ Bxf6 12. Bxh7+ Kxh7 13. Ng5+ Kg8 14. Qh5 Re8 15. Qxf7+ Kh8 16. dxc5 Bd5 17. Qh5+ Kg8 18. Bxd6 Bxb2+ 19. Kxb2 Qf6+ 20. c3 Qh6 21. Qf7+ Kh8 22. cxb4 bxc5 23. Qxe8+ Rxe8 24. Nf7+ Kh7 25. Nxh6 1-0


[Site "https://www.chess.com"]

[Event "Titled Tuesday Blitz July 11 Early 2023"]
[White "Ocelak, Jakub"]
[Black "Al-Tarboush, Ward"]
[WhiteFideId "23707933"]
[BlackFideId "7601450"]
[WhiteElo "2486"]
[BlackElo "2594"]
[Result "1-0"]
[Round "10"]
[TimeControl "180+2"]
[Date "2023.07.11"]
[WhiteClock "0:00:09"]
[BlackClock "0:00:40"]
[Board "70"]

1. d4 Nf6 2. Nc3 d5 3. Bf4 a6 4. e3 Bf5 5. Bd3 Bxd3 6. cxd3 e6 7. Qb3 b5 8. a4 b4 9. Nce2 a5 10. Nf3 Bd6 11. Ne5 O-O 12. O-O Nh5 13. Rfc1 Nxf4 14. Nxf4 Nd7 15. Nxd7 Qxd7 16. Qc2 Bxf4 17. exf4 Ra7 18. Qc6 Qxc6 19. Rxc6 Rb8 20. Rac1 Rbb7 21. Rd6 Kf8 22. Rd8+ Ke7 23. Rh8 h6 24. b3 Rb6 25. Rg8 g6 26. Rc5 Rd6 27. Rc8 Kd7 28. Rf8 Ke7 29. Rb8 g5 30. fxg5 hxg5 31. f3 f5 32. Rbb5 Rda6 33. Rb8 f4 34. Rg8 Kf6 35. Rc8 e5 36. Rf8+ Ke7 37. Rf5 exd4 38. Rfxd5 Re6 39. Kf2 c6 40. Rxd4 Kf7 41. Rxg5 Kf6 42. Rc5 Rae7 43. Rxf4+ Kg6 44. Re4 Rxe4 45. fxe4 Rf7+ 46. Ke2 Kf6 47. Rxa5 Ke6 48. Rf5 Rh7 49. h3 Kd6 50. a5 c5 51. a6 Kc6 52. Ke3 Kb6 53. Rf6+ Kb5 54. e5 Rd7 55. e6 Re7 56. Ke4 Kxa6 57. Ke5 Kb5 58. Kd6 Ra7 59. Rf7 Ra6+ 60. Kd5 Ra2 61. Rb7+ Ka6 62. Rb8 Re2 63. Kd6 Ka7 64. Rh8 Re3 65. e7 Rxd3+ 66. Kxc5 Rc3+ 67. Kxb4 1-0


[Site "https://www.chess.com"]

[Event "Titled Tuesday Blitz July 11 Early 2023"]
[White "Nunez V, Gustavo Eduardo"]
[Black "Lana Rodriguez, David"]
[WhiteFideId "4403690"]
[BlackFideId "2270803"]
[WhiteElo "2458"]
[BlackElo "2585"]
[Result "1/2-1/2"]
[Round "10"]
[TimeControl "180+2"]
[Date "2023.07.11"]
[WhiteClock "0:00:04"]
[BlackClock "0:00:27"]
[Board "71"]

1. e4 e6 2. d3 d5 3. Nd2 Nf6 4. g3 Nc6 5. Bg2 dxe4 6. dxe4 Bc5 7. h3 e5 8. Ngf3 Be6 9. O-O O-O 10. c3 a5 11. a4 Qe7 12. Qc2 Rfd8 13. Re1 Rd7 14. Nb3 Bb6 15. Bg5 Rad8 16. Rad1 h6 17. Bxf6 Qxf6 18. Rxd7 Rxd7 19. Rd1 Rd6 20. Rxd6 cxd6 21. Nbd2 Bd7 22. Qd3 Ne7 23. b3 Ng6 24. Nc4 Bc5 25. Nxa5 b6 26. Nc4 b5 27. axb5 Bxb5 28. b4 Ba7 29. Qd5 Bxc4 30. Qxc4 Kh7 31. h4 Qe7 32. h5 Nf8 33. Nh4 Ne6 34. Nf5 Qd7 35. Qa6 Bb8 36. Bf1 Ng5 37. Qc4 d5 38. Qxd5 Qc7 39. c4 Qb6 40. b5 Ba7 41. c5 Qxc5 42. Qxc5 Bxc5 43. Bg2 g6 44. hxg6+ fxg6 45. Nh4 Ne6 46. Nf3 Bd6 47. Nd2 Nd4 48. Bf1 Bb8 49. Kg2 Kg7 50. Bc4 Kf6 51. f3 Nc2 52. Kf2 Ba7+ 53. Ke2 Nd4+ 54. Kd3 Bb6 55. Nb3 Nxf3 56. Bd5 h5 57. Nc1 g5 58. Ne2 h4 59. gxh4 gxh4 60. Bc6 Kg5 61. Bd7 Ne1+ 62. Kd2 Ng2 63. Bh3 Ne3 64. Kd3 Ng4 65. Kc4 Ne3+ 66. Kd3 Kf6 67. Ng1 Kg5 68. Nf3+ Kf4 69. Nxh4 Kg3 70. Ng6 Kxh3 71. Nxe5 Ng2 72. Nd7 Bc7 73. Kc4 Ne3+ 74. Kc5 Kg4 75. Kc6 Bg3 76. e5 Nc4 77. Kc5 Na5 78. Kb4 Nb7 79. Kc4 Kf5 80. Kd5 Bh4 81. Nb6 Bd8 82. Nc4 Bc7 83. Nd6+ Nxd6 84. exd6 Bd8 85. Kc6 Ke6 86. b6 Bxb6 87. Kxb6 Kxd6 1/2-1/2


[Site "https://www.chess.com"]

[Event "Titled Tuesday Blitz July 11 Early 2023"]
[White "Tanmay Jain"]
[Black "Parpiev, Isaak"]
[WhiteFideId "45015481"]
[BlackFideId "34281576"]
[WhiteElo "2443"]
[BlackElo "2584"]
[Result "1-0"]
[Round "10"]
[TimeControl "180+2"]
[Date "2023.07.11"]
[WhiteClock "0:00:03"]
[BlackClock "0:00:00"]
[Board "72"]

1. Nf3 Nf6 2. d4 c5 3. c3 e6 4. g3 b6 5. Bg2 Bb7 6. O-O Qc7 7. Nbd2 d5 8. Re1 Bd6 9. dxc5 bxc5 10. c4 O-O 11. e3 Nbd7 12. b3 a5 13. Bb2 a4 14. cxd5 exd5 15. Rc1 Qb8 16. e4 dxe4 17. Ng5 axb3 18. axb3 e3 19. Rxe3 Bxg2 20. Kxg2 Be5 21. Nc4 Bxb2 22. Nxb2 Ne5 23. Nf3 Neg4 24. Re2 Rd8 25. Qc2 Qb7 26. h3 h5 27. Nc4 Nh6 28. Rce1 Rab8 29. Re3 g6 30. Qe2 Nf5 31. Re5 Nd4 32. Qe3 Nc2 33. Qe2 Nxe1+ 34. Qxe1 Qxb3 35. Ne3 Re8 36. Qd2 Rxe5 37. Nxe5 Qb7+ 38. Kg1 Qc7 39. N3c4 Rd8 40. Qh6 Nd7 41. Nxg6 fxg6 42. Qxg6+ Kf8 43. Nd6 Ne5 44. Qf6+ Kg8 45. Qg5+ Kh7 46. Qxh5+ Kg7 47. Qg5+ Ng6 48. Nf5+ Kf7 49. Nh6+ 1-0


[Site "https://www.chess.com"]

[Event "Titled Tuesday Blitz July 11 Early 2023"]
[White "Kumala, Aleksander"]
[Black "Andreev, Konstantin"]
[WhiteFideId "1141880"]
[BlackFideId "24239305"]
[WhiteElo "2553"]
[BlackElo "2581"]
[Result "1-0"]
[Round "10"]
[TimeControl "180+2"]
[Date "2023.07.11"]
[WhiteClock "0:00:46"]
[BlackClock "0:00:00"]
[Board "73"]

1. d4 Nf6 2. Bg5 e6 3. Nd2 h6 4. Bh4 d5 5. e3 g5 6. Bg3 Bg7 7. Bd3 c5 8. c3 O-O 9. h4 Nc6 10. hxg5 hxg5 11. Ngf3 Ne4 12. Bxe4 dxe4 13. Nxe4 g4 14. Ne5 Nxe5 15. Bxe5 f5 16. Nxc5 b6 17. Nd3 Bb7 18. Nf4 Qd7 19. Qb3 Rfe8 20. O-O-O Rac8 21. Rh5 Kf7 22. Rh7 Rg8 23. Nh5 Bd5 24. Qa3 Kg6 25. Rxg7+ Rxg7 26. Nxg7 a5 27. Rh1 Bxg2 28. Rg1 1-0


[Site "https://www.chess.com"]